 Dungeon Crawl Stone Soup version 0.29-a0-369-gd956c00756 (webtiles) character file.

Game seed: 7523844326228775564

667 holysushi the Cutter (level 7, -7/44 HPs)
             Began as a Kobold Monk on May 2, 2022.
             Mangled by a gnoll sergeant
             ... wielding a +0 spear
              (11 damage)
             ... on level 4 of the Dungeon.
             The game lasted 00:06:24 (5157 turns).

holysushi the Cutter (Kobold Monk)                  Turns: 5157, Time: 00:06:25

Health: -7/44      AC:  2    Str:  8    XL:     7   Next: 88%
Magic:  7/7        EV: 19    Int: 18    God:
Gold:   95         SH:  0    Dex: 19    Spells: 6/6 levels left

rFire   . . .      SeeInvis .   a - +0 short sword
rCold   . . .      Faith    .   (no shield)
rNeg    . . .      Spirit   .   b - +0 robe
rPois   .          Reflect  .   (no helmet)
rElec   .          Harm     .   (no cloak)
rCorr   .          Rampage  .   (no gloves)
Will    .....                   (no boots)
Stlth   ++++......              r - amulet of regeneration
HPRegen 0.94/turn               q - +6 ring of intelligence
MPRegen 0.10/turn               (no ring)

@: no status effects
A: small, no large weapons, nightstalker 3
a: no special abilities


You were on level 4 of the Dungeon.
You visited 1 branch of the dungeon, and saw 5 of its levels.
You also visited: Sewer.

You collected 189 gold pieces.
You spent 94 gold pieces at shops.

Inventory:

Hand Weapons
 a - a +0 short sword (weapon)
Armour
 b - a +0 robe (worn)
Jewellery
 q - a +6 ring of intelligence (left hand)
 r - an amulet of regeneration (around neck)
 s - a ring of protection from cold
Wands
 j - a wand of iceblast (7)
Scrolls
 f - a scroll of fear
 i - a scroll of enchant armour {unknown}
 k - 2 scrolls of immolation
 m - a scroll of vulnerability {unknown}
 o - 6 scrolls of identify
 t - a scroll of amnesia
Potions
 c - a potion of ambrosia
 d - 3 potions of flight
 e - 5 potions of attraction
 g - 3 potions of curing
 h - 2 potions of mutation
 l - 3 potions of heal wounds
 n - a potion of resistance
 p - a potion of brilliance {unknown}


   Skills:
 + Level 5.3 Fighting
 + Level 7.0 Short Blades
 * Level 6.9 Dodging
 + Level 3.7 Stealth
 + Level 1.6 Evocations


You had 6 spell levels left.
You didn't know any spells.
Your spell library was empty.

Dungeon Overview and Level Annotations

Branches:
Dungeon (5/15)              Sewer (visited)
 Temple: D:4-7

Altars:

Shops:
D:1 *

Annotations:
D:4 3 runed translucent doors, NinjaNoafa's ghost, weakling MiFi; RandomusNamus's ghost, amateur FoFi; quokkamancerX's ghost, amateur NaVM


Innate Abilities, Weirdness & Mutations

You are small and have problems with some larger weapons.
You are completely attuned to the shadows.


Message History

The gnoll sergeant hits you with a +0 spear.
You hit the gnoll sergeant but do no damage.
The gnoll sergeant is moderately wounded.
The gnoll sergeant hits you with a +0 spear.
You hit the gnoll sergeant but do no damage.
The gnoll sergeant is moderately wounded.
The gnoll sergeant completely misses you.
You hit the gnoll sergeant.
The gnoll sergeant is heavily wounded.
You hit the gnoll sergeant but do no damage.
The gnoll sergeant is heavily wounded.
The gnoll sergeant closely misses you.
You puncture the gnoll sergeant!
The gnoll sergeant is severely wounded.
The gnoll sergeant barely misses you.
You hit the gnoll sergeant but do no damage.
The gnoll sergeant is severely wounded.
You barely miss the gnoll sergeant.
The gnoll sergeant is severely wounded.
The gnoll sergeant completely misses you.
You hit the gnoll sergeant but do no damage.
The gnoll sergeant is severely wounded.
The gnoll sergeant closely misses you.
You hit the gnoll sergeant.
The gnoll sergeant is almost dead.
The gnoll sergeant hits you with a +0 spear!
The gnoll sergeant blocks your attack.
The gnoll sergeant is almost dead.
You hit the gnoll sergeant but do no damage.
The gnoll sergeant is almost dead.
The gnoll sergeant completely misses you.
You barely miss the gnoll sergeant.
The gnoll sergeant is almost dead.
The gnoll sergeant hits you with a +0 spear.
The gnoll sergeant blocks your attack.
The gnoll sergeant is almost dead.
The gnoll sergeant hits you with a +0 spear!
* * * LOW HITPOINT WARNING * * *
The gnoll sergeant hits you from afar with a +0 spear!
You die...

## #.##≈##........# ≈
#.#b..###.####.# #######
#.##l## #.## #.# ......#
####.#######.##≈#.# #####.#
#............#≈.#.# ≈.≈ #.#
#.############≈.#.# ..###.#
#.#....# #≈.#.#
#####.#######.#.##.########≈#.#
.............[..@.>##....## #.#
#######..####..###g##.##.####.#
#..# ##.<.#....##......#
#..#.#.#..##..###########
#..#.≈≈#....[.# #
#..#...#....#.#####
#######..#≈..#.##.#.....#
.....##..#..≈#....#.###.#
.....##..#..≈#.####.....#


You could see a gnoll sergeant.

Vanquished Creatures
  An ogre (D:3)
  2 kobold brigands (Sewer)
  A bullfrog (D:4)
  2 scorpions (D:4)
  Ijyb (D:4)
  2 iguanas (D:4)
  A gnoll (D:4)
  7 adders
  A river rat (Sewer)
  An ufetubus (D:4)
  5 worms
  A dart slug (D:2)
  8 orcs
  8 ball pythons
  7 endoplasms
  5 giant cockroaches
  2 goblins
  4 hobgoblins
  4 jackals
  3 kobolds (Sewer)
  4 quokkas
  5 bats
  3 frilled lizards
  5 rats
83 creatures vanquished.

Vanquished Creatures (others)
  16 fungi (D:4)
16 creatures vanquished.

Grand Total: 99 creatures vanquished

Notes
Turn   | Place    | Note
-------+----------+-------------------------------------------
     0 | D:1      | holysushi the Kobold Monk began the quest for the Orb.
     0 | D:1      | Reached XP level 1. HP: 14/14 MP: 1/1
   370 | D:1      | Found Koipipp's Assorted Antiques.
   382 | D:1      | Reached XP level 2. HP: 19/19 MP: 2/2
   384 | D:1      | Bought a blue potion for 18 gold pieces
   384 | D:1      | Bought a blue potion for 18 gold pieces
   955 | D:2      | Reached skill level 5 in Short Blades
   955 | D:2      | Reached XP level 3. HP: 24/24 MP: 3/3
  1591 | D:1      | Bought a scroll labelled BUEGRALAUGG for 20 gold pieces
  1591 | D:1      | Bought a smoky ruby potion for 18 gold pieces
  1591 | D:1      | Bought a scroll labelled LANEUSH HOKUZ for 20 gold pieces
  1674 | D:3      | Reached XP level 4. HP: 29/29 MP: 4/4
  1785 | D:3      | Found a glowing drain.
  1941 | Sewer    | Entered a sewer
  2056 | Sewer    | Noticed a kobold brigand
  2097 | Sewer    | Killed a kobold brigand
  2098 | Sewer    | Reached XP level 5. HP: 20/33 MP: 5/5
  2234 | Sewer    | Noticed a kobold brigand
  2258 | Sewer    | Killed a kobold brigand
  2259 | Sewer    | Reached skill level 6 in Short Blades
  2259 | Sewer    | Reached skill level 5 in Dodging
  2259 | Sewer    | Reached XP level 6. HP: 13/39 MP: 6/6
  2967 | Sewer    | Found a white marble altar of Elyvilon.
  3909 | D:4      | Noticed an ogre
  3943 | D:3      | Killed an ogre
  3965 | D:4      | Noticed Ijyb
  3988 | D:4      | Killed Ijyb
  3989 | D:4      | Reached skill level 5 in Fighting
  3989 | D:4      | Reached XP level 7. HP: 38/44 MP: 7/7
  4114 | D:4      | Found a runed translucent gate.
  4115 | D:4      | Found a runed translucent gate.
  4116 | D:4      | Found a runed translucent gate.
  4467 | D:4      | Reached skill level 1 in Evocations
  4560 | D:4      | HP: 2/44 [poisoned by a scorpion]
  4565 | D:4      | HP: 2/44 [poisoned by a scorpion]
  4767 | D:4      | Noticed quokkamancerX's ghost (amateur NaVM)
  4770 | D:4      | Noticed RandomusNamus's ghost (amateur FoFi)
  4771 | D:4      | Noticed NinjaNoafa's ghost (weakling MiFi)
  4802 | D:5      | Entered Level 5 of the Dungeon
  4997 | D:4      | Reached skill level 7 in Short Blades
  5157 | D:4      | Mangled by a gnoll sergeant

Illustrated notes

Levels and vault maps discovered:
D:1:      saegor_arrival_miasma, layout_basic, serial_shops, nicolae_shop_stone
D:2:      layout_loops_ring
D:3:      layout_rooms, cheibrodos_sewer_entry_bend
D:4:      layout_basic, gammafunk_ghost_cemetery, serial_aquarium,
          aquarium_bridge_square [aquarium_subvault_bridge,
          aquarium_subvault_window, aquarium_subvault_wall,
          aquarium_subvault_wall], aquarium_bridge_long_separate
          [aquarium_subvault_bridge, aquarium_subvault_bridge,
          aquarium_subvault_bridge, aquarium_subvault_window,
          aquarium_subvault_window, aquarium_subvault_bridge],
          aquarium_window_corridor_2, aquarium_window_fake,
          aquarium_window_double, aquarium_window_1, aquarium_view_2c,
          aquarium_view_2e, uniq_ijyb
D:5:      layout_cave_pools, temple_green, minmay_misc_feat_four_crosses,
          chequers_serial_rivers_room_a

Skill      XL: |  1  2  3  4  5  6  7 |
---------------+----------------------+-----
Short Blades   | 5 6 7 |  7.0
Dodging        | 4 5 6 |  6.9
Fighting       | 4 5 |  5.3
Stealth        | 3 |  3.7
Evocations     | 1 |  1.6

Action                   |  1- 3 |  4- 6 |  7- 9 || total
-------------------------+-------+-------+-------++-------
Melee: Short sword       |    60 |   158 |   131 ||   349
       Punch             |       |     2 |       ||     2
Evoke: Wand              |       |       |     1 ||     1
  Use: Scroll            |    11 |       |       ||    11
       Potion            |       |     8 |       ||     8
 Stab: Sleeping          |    19 |    12 |     2 ||    33
       Distracted        |       |     1 |       ||     1
Armor: Robe              |     1 |    14 |     8 ||    23
Dodge: Dodged            |    30 |   123 |   114 ||   267

Table legend: (Time is in decaauts)
 A = Elapsed time spent in this place.
 B = Non-inter-level travel time spent in this place.
 C = Inter-level travel time spent in this place.
 D = Time resting spent in this place.
 E = Time spent auto-exploring this place.
 F = Levels seen in this place.
 G = Mean time per level.
                   A        B        C        D        E       F      G
               +--------+--------+--------+--------+--------+-----+--------+
         Total |   5145 |   4993 |    152 |   1239 |   2786 |   6 |  857.5 |
       Dungeon |   4002 |   3850 |    152 |    544 |   2528 |   5 |  800.4 |
         Sewer |   1142 |   1142 |      0 |    695 |    257 |   1 | 1142.0 |
               +--------+--------+--------+--------+--------+-----+--------+

Top non-repeatable levels by time:
     D:3: 1204 daAuts
   Sewer: 1142 daAuts
     D:2: 916 daAuts
     D:4: 896 daAuts
     D:1: 718 daAuts
     D:5: 266 daAuts
